 Dungeon Crawl Stone Soup version 0.17-a0-1468-gbf503c2 (webtiles) character file.

118 abixa the Cudgeler (level 5, 0/52 HPs)
             Began as an Ogre Gladiator on July 1, 2015.
             Succumbed to a kobold's poison
             ... on level 3 of the Dungeon.
             The game lasted 00:09:00 (2908 turns).

abixa the Cudgeler (Ogre Gladiator)                 Turns: 2908, Time: 00:09:00

Health: 0/52       AC:  3    Str: 20    XL:     5   Next: 2%
Magic:  5/5        EV: 10    Int:  8    God:
Gold:   249        SH:  0    Dex: 10    Spells: 0 memorised, 4 levels left

rFire  . . .     SeeInvis .     a - +0 flail
rCold  . . .     Clarity  .     b - +0 robe
rNeg   . . .     SustAt   .     (no shield)
rPois  .         Gourm    .     c - +0 hat
rElec  .         Spirit   .     (no cloak)
rCorr  .         Warding  .     (gloves unavailable)
rMut   .         Stasis   .     (boots unavailable)
MR     .....                    (no amulet)
Stlth  ++........               (no ring)
                                s - ring of stealth

@: lethally poisoned (0 -> -13), not resistant to hostile enchantments,
unstealthy
A: unfitting armour, tough skin 1
a: no special abilities


You were on level 3 of the Dungeon.
You were not hungry.

You visited 1 branch of the dungeon, and saw 3 of its levels.

You collected 249 gold pieces.

Inventory:

Hand weapons
 a - a +0 flail (weapon)
 h - a +0 trident
 l - a +0 hunting sling
Missiles
 d - 3 throwing nets
 g - 162 stones (quivered)
 j - 2 tomahawks
 q - 21 arrows
 v - 11 bolts
 z - 16 sling bullets of frost
 A - 20 bolts of frost
Armour
 b - a +0 robe (worn)
 c - a +0 hat (worn)
Jewellery
 s - a ring of stealth (left hand)
Scrolls
 f - 3 scrolls of blinking {unknown}
 k - a scroll of identify {unknown}
 n - a scroll of fog {unknown}
 p - 2 scrolls of recharging {unknown}
 r - a scroll of noise {unknown}
 u - 2 scrolls of random uselessness {unknown}
 y - a scroll of immolation {unknown}
Potions
 i - a potion of heal wounds {unknown}
 o - 2 potions of agility {unknown}
 w - 3 potions of curing {unknown}
 x - a potion of mutation {unknown}
 B - a potion of brilliance {unknown}
 C - a potion of flight {unknown}
Comestibles
 e - 2 bread rations
 m - 2 meat rations
 t - a slice of pizza
 D - a chunk of flesh


   Skills:
 + Level 2.8 Fighting
 + Level 7.2 Maces & Flails
 + Level 2.2 Throwing
 - Level 2.6 Dodging


You had 4 spell levels left.
You didn't know any spells.

Dungeon Overview and Level Annotations

Branches:
Dungeon (3/15)

Altars:
Cheibriados
Fedhas

Annotations:
D:3 Natasha


Innate Abilities, Weirdness & Mutations

You are too large for most types of armour.
You have tough skin (AC +1).


Message History

You feel less confused.
You feel sick.
You barely miss the kobold.
You feel sick. Natasha claws you but does no damage.
The kobold hits you with an uncursed dagger.
* * * LOW HITPOINT WARNING * * *
Natasha casts a spell at you.
You easily resist.
The kobold unwields an uncursed dagger.
The kobold wields an uncursed blowgun.
The kobold shoots a poisoned needle.
The poisoned needle hits you!
You are lethally poisoned!
You see here a poisoned needle.
* * * LOW HITPOINT WARNING * * *
You feel sick. Natasha casts a spell at you. The magic dart hits you!
* * * LOW HITPOINT WARNING * * *
* * * LOW HITPOINT WARNING * * *
You feel sick.
You die...

......######.####.................<
......# #.#########........#####
##'#### #.#................#
##.#########.#.#######...)....#
................#.<...........#
###.########.####.####........# #
#..# #..................#.###
##.###.###.##############.#
#..##.........@.hK.......#
##.##.........####.....######
#.##..........).).......>..#
#..#..........###.....####.#
##.#..........#.(.....'..#.#
#.#..........#.#(....##.#.#
#.#..........#.#.(...##.#.#
#............#.###(.....#+##
##.............# #(#.......#


You could see Natasha and a kobold.

Vanquished Creatures
  Natasha (twice) (D:3)
  An adder (D:3)
  A gnoll (D:1)
  2 worms
  A giant gecko (D:3)
  An orc (D:3)
  4 giant cockroaches
  8 hobgoblins
  8 jackals
  3 kobolds
  9 bats
  A giant newt (D:2)
  11 goblins
  4 rats
56 creatures vanquished.

Notes
Turn   | Place    | Note
--------------------------------------------------------------
     0 | D:1      | abixa the Ogre Gladiator began the quest for the Orb.
     0 | D:1      | Reached XP level 1. HP: 22/22 MP: 1/1
    15 | D:1      | Reached XP level 2. HP: 3/29 MP: 2/2
   375 | D:1      | Reached skill level 5 in Maces & Flails
   527 | D:1      | Reached XP level 3. HP: 32/36 MP: 3/3
  1304 | D:2      | Found a snail-covered altar of Cheibriados.
  1473 | D:2      | Reached skill level 6 in Maces & Flails
  1548 | D:2      | Found a blossoming altar of Fedhas.
  1777 | D:3      | Reached XP level 4. HP: 30/44 MP: 4/4
  2143 | D:3      | Found a faded altar to an unknown god.
  2374 | D:3      | Noticed Natasha
  2393 | D:3      | Killed Natasha
  2393 | D:3      | Reached skill level 7 in Maces & Flails
  2696 | D:3      | Noticed Natasha
  2714 | D:3      | Killed Natasha
  2714 | D:3      | Reached XP level 5. HP: 34/52 MP: 5/5
  2880 | D:3      | Noticed Natasha
  2907 | D:3      | HP: 2/52 [poisoned by a kobold]
  2908 | D:3      | Succumbed to a kobold's poison

Vault maps used:
D:1:      lightli_arrival_statuegarden
D:2:      old_standard_altar, first_bread, cheibriados_altar_1
D:3:      ecumenical_altar_2, uniq_natasha

Action                   |  1- 3 |  4- 6 || total
-------------------------+-------+-------++-------
Melee: Flail             |   107 |    74 ||   181
 Fire: Hunting sling     |     7 |       ||     7
Throw: Stone             |     1 |    15 ||    16
 Stab: Sleeping          |     1 |       ||     1
  Eat: Chunk             |     1 |     5 ||     6
